 Dungeon Crawl Stone Soup version 0.27.1-34-g3ba077fa99 (webtiles) character file.

Game seed: 8290206598448190388

96 melkoren the Ruffian (level 4, -4/45 HPs)
             Began as a Troll Monk on Jan 12, 2022.
             Was a Follower of Ru.
             Slain by a small abomination (7 damage)
             ... on level 1 of the Abyss.
             The game lasted 00:07:07 (1177 turns).

melkoren the Ruffian (Troll Monk)                   Turns: 1177, Time: 00:07:08

Health: -4/45      AC:  4    Str: 19    XL:     4   Next: 41%
Magic:  3/3        EV: 10    Int:  6    God:    Ru [*.....]
Gold:   79         SH:  0    Dex: 13    Spells: 3/3 levels left

rFire    . . .     SeeInvis +     - Unarmed
rCold    . . .     Faith    .   (no shield)
rNeg     . . .     Spirit   .   a - +0 robe
rPois    .         Reflect  .   (helmet restricted)
rElec    .         Harm     .   (no cloak)
rCorr    +         Rampage  .   (gloves unavailable)
Will     .....                  (boots unavailable)
Stlth    ++........             (no amulet)
HPRegen  1.15/turn              R - ring of resist corrosion
MPRegen  0.08/turn              v - ring of see invisible

@: no status effects
A: large, unfitting armour, claws 3, regeneration 1, shaggy fur 1, tough skin 1,
no air magic, no hexes magic, no necromancy magic
a: Renounce Religion


You were on level 1 of the Abyss.
You worshipped Ru.
Ru was aware of your devotion.
You visited 1 branch of the dungeon, and saw 3 of its levels.
You visited the Abyss 1 time.

You collected 79 gold pieces.


Innate Abilities, Weirdness & Mutations

You are too large for most types of armour.
You have claws for hands.
Your natural rate of healing is unusually fast.
You are covered in fur. (AC +1)
You have tough skin. (AC +1)
You cannot study or cast Air magic.
You cannot study or cast Hexes magic.
You cannot study or cast Necromancy magic.


   Skills:
 + Level 3.2 Fighting
 + Level 3.2 Dodging
 - Level 1.0 Stealth
 + Level 3.8 Unarmed Combat


You had 3 spell levels left.
You didn't know any spells.
Your spell library contained the following spells:

 Spells                   Type           Power      Damage    Failure   Level
 Blink                    Tloc           N/A        N/A       58%         2
 Conjure Flame            Conj/Fire      0%         6-21      83%         3
 Ignite Poison            Fire/Tmut/Pois 0%         N/A       83%         3
 Lesser Beckoning         Tloc           0%         N/A       83%         3
 Sticky Flame             Conj/Fire      0%         2d3       99%         4
 Manifold Assault         Tloc           0%         N/A       100%        5

Inventory:

Hand Weapons
 l - a +2 hand axe of electrocution
   (You took it off Terence on level 2 of the Dungeon)
Missiles
 e - 123 stones (quivered)
 g - 12 bolts
 i - 20 poisoned darts
 j - 5 large rocks {=f}
 n - 2 boomerangs
 p - 18 arrows
Armour
 a - a +0 robe (worn)
Jewellery
 v - a ring of see invisible (right claw)
   (You found it on level 2 of the Dungeon)
 R - a ring of resist corrosion (left claw)
   (You found it on level 1 of the Dungeon)
Wands
 o - a wand of paralysis (6)
   (You found it on level 2 of the Dungeon)
Scrolls
 b - 2 scrolls of teleportation {unknown}
 d - a scroll of magic mapping {unknown}
 f - a scroll of immolation {unknown}
 h - a scroll of enchant armour {unknown}
 k - a scroll of acquirement {unknown}
 m - a scroll of identify {unknown}
 q - a scroll of enchant weapon {unknown}
Potions
 c - 2 potions of curing {unknown}

Dungeon Overview and Level Annotations

Branches:
Dungeon (3/15)

Altars:
Hepliaklqana
Ru
Lugonu

Shops:
D:3

* ..#.## .# # # #. . #
#. . #.# #. #. .# # # ##
. #..## .. # . ##. . ..#
.. ..##. . ## # .#...# #
#....#.## # .## ...# # #
. #.## .#. ...#. . .#.
## #.#.#####......
.#.##.##...##.w'@.......
.. .#..###/.x.....#..
#.. ##...##./.###..)...#
# #. .# #####<.##
....... #. ..# #..#>#
#..#.#.. . .##....w/.##
.####... .# ## #.#.#X..
........#.
##.....###.##### #
#....#.. .


You could see a small abomination and a starspawn tentacle.


Message History

You take 1 damage, and now have 44/45 hp.
You barely miss the kobold. The kobold hits you with a +0 whip.
A kobold comes into view.
It is wielding a +0 whip of distortion. 😕 HP[-2]
You take 2 damage, and now have 42/45 hp.
You closely miss the kobold.
The kobold hits you with a +0 whip. 😕 HP[-1]
You take 1 damage, and now have 41/45 hp.
You scratch the kobold but do no damage.
The kobold hits you but does no damage. 😕 HP[+1]
You barely miss the kobold. You claw the kobold.
You kill the kobold! 😕 HP[+1]
The kobold throws a stone.
The stone hits you but does no damage.
There is a large open translucent door here.
Items here: ( )) †. 😕 HP[+1] 😎 HP[+1]
Your hp is fully restored (45).
You scratch the kobold but do no damage.
You scratch the kobold. The kobold hits you but does no damage.
Space bends around you. 😕 HP[-1]
You take 1 damage, and now have 44/45 hp.
You scratch the kobold.
The kobold hits you with a +0 whip of distortion.
You are cast into the Abyss!
To return, you must find a gate leading back.
Killing monsters will force the Abyss to allow you passage.
This branch contains the abyssal rune of Zot. 😎 HP[+1]
Your hp is fully restored (45).
You now have 79 gold pieces (gained 9).
A tentacled starspawn comes into view.
You barely miss the tentacled starspawn.
The tentacled starspawn bites you!!
Ouch! That really hurt!
* * * LOW HITPOINT WARNING * * *
The tentacled starspawn tentacle-slaps you.
* * * LOW HITPOINT WARNING * * *
You claw the tentacled starspawn!
Tentacles burst from the starspawn's body! 2 starspawn tentacles come into view. 😱 HP[-35]
You take 35 damage, and now have 10/45 hp.
MASSIVE DAMAGE!! (PAUSE) 😱 HP[+1] 😨 HP[+1] 😨 HP[+1] 😨 HP[+1]
A tentacle flies out from the starspawn's body!
A starspawn tentacle comes into view. 😨 HP[+1]
The starspawn tentacle grabs you. The starspawn tentacle constricts you.
* * * LOW HITPOINT WARNING * * *
😨 HP[+1]
You escape the starspawn tentacle's grasp.
The starspawn tentacle grabs you. The starspawn tentacle constricts you.
* * * LOW HITPOINT WARNING * * *
😨 HP[-1]
You take 1 damage, and now have 15/45 hp.
You escape the starspawn tentacle's grasp. 😨 HP[+1]
The starspawn tentacle grabs you. The starspawn tentacle constricts you.
* * * LOW HITPOINT WARNING * * *
The starspawn tentacle loses its grip on you.
The tentacle pulls you backwards!
The starspawn tentacle closely misses you. 😨 HP[+1] 😨 HP[+1] Unknown command.
The starspawn tentacle grabs you. The starspawn tentacle constricts you.
* * * LOW HITPOINT WARNING * * *
The starspawn tentacle loses its grip on you.
The tentacle pulls you backwards!
A starspawn tentacle segment comes into view.
You see here a +0 chain mail. 😨 HP[-2]
You take 2 damage, and now have 16/45 hp.
A small abomination comes into view. 😨 HP[+2]
You regained 2 hp, and now have 18/45 hp.
A tentacle flies out from the starspawn's body!
A starspawn tentacle comes into view. 😨 HP[+1]
The small abomination barely misses you. 😨 HP[+1]
The small abomination hits you!!
* * * LOW HITPOINT WARNING * * *
There is a large open translucent door, spattered with blood here. 😱 HP[-18]
You take 18 damage, and now have 2/45 hp.
MASSIVE DAMAGE!! (PAUSE)
The small abomination hits you!
You die...

Skill      XL: |  1  2  3 |
---------------+----------+-----
Fighting       | 3 |  3.2
Dodging        | 3 |  3.2
Stealth        | |  1.0
Unarmed Combat | |  3.8

Action                   |  1- 3 |  4- 6 || total
-------------------------+-------+-------++-------
Melee: Unarmed           |    87 |    44 ||   131
       Punch             |     1 |     1 ||     2
Invok: Sacrifice Arcana  |       |     1 ||     1
 Stab: Sleeping          |     4 |     1 ||     5
       Distracted        |       |     1 ||     1
Armor: Robe              |    21 |    10 ||    31
Dodge: Dodged            |    34 |    13 ||    47

Levels and vault maps discovered:
D:1:      lemuel_arrival_room, layout_basic, ebering_ecumenical_altar_abandoned
D:2:      minmay_diamond_boxcup, layout_loops_cross, basic_altar, serial_shops,
          nicolae_shop_temple_entry_statues_fountains,
          hangedman_decor_clover_reticule, uniq_terence, uniq_sigmund
D:3:      due_chaos_kobolds, layout_loops_cross, serial_shops,
          nicolae_shop_overgrown_old_shop, st_stairs_7
Abyss:1:  base:
D:1

Notes
Turn   | Place    | Note
-------+----------+-------------------------------------------
     0 | D:1      | melkoren the Troll Monk began the quest for the Orb.
     0 | D:1      | Reached XP level 1. HP: 22/22 MP: 0/0
     0 | D:1      | magus.rc [v1.11.3]
   144 | D:1      | Reached XP level 2. HP: 27/29 MP: 1/1
   416 | D:1      | Found a faded altar of an unknown god.
   428 | D:1      | Became a worshipper of Ru the Awakened
   533 | D:2      | Found a hazy altar of Hepliaklqana.
   551 | D:2      | Noticed Terence
   558 | D:2      | Killed Terence
   559 | D:2      | Reached skill level 3 in Fighting
   559 | D:2      | Reached XP level 3. HP: 14/37 MP: 2/2
   623 | D:2      | Reached skill level 3 in Dodging
   681 | D:2      | Reached XP level 4. HP: 40/45 MP: 3/3
   774 | D:2      | Gained mutation: You cannot study or cast Air magic. [Ru
                  | sacrifice]
   774 | D:2      | Gained mutation: You cannot study or cast Hexes magic. [Ru
                  | sacrifice]
   774 | D:2      | Gained mutation: You cannot study or cast Necromancy magic.
                  | [Ru sacrifice]
   774 | D:2      | Reached * piety under Ru
   846 | D:2      | You add the spells Conjure Flame, Ignite Poison and Sticky
                  | Flame to your library.
  1055 | D:3      | Found Wobrigg's Assorted Antiques.
  1093 | D:3      | You pick up a book of Spatial Translocations and begin
                  | reading...
  1093 | D:3      | You add the spells Blink, Lesser Beckoning and Manifold
                  | Assault to your library.
  1100 | D:3      | Found a large runed translucent door.
  1101 | D:3      | Found a large runed translucent door.
  1102 | D:3      | Found a corrupted altar of Lugonu.
  1118 | D:3      | You are cast into the Abyss!
  1118 | D:3      | Cast into level 1 of the Abyss (kobold)
  1156 | Abyss:1  | Noticed a tentacled starspawn
  1159 | Abyss:1  | HP: 9/45 [tentacled starspawn (6)]
  1173 | Abyss:1  | Noticed a small abomination
  1176 | Abyss:1  | HP: 2/45 [small abomination (19)]
  1177 | Abyss:1  | Slain by a small abomination

Vanquished Creatures
  Terence (D:2)
  2 adders (D:2)
  2 worms (D:2)
  2 ball pythons
  4 endoplasms
  2 giant cockroaches
  7 goblins
  4 hobgoblins
  7 kobolds
  3 quokkas
  5 bats
  A frilled lizard (D:1)
  5 rats
45 creatures vanquished.

Vanquished Creatures (others)
  2 starspawn tentacles (Abyss:1)
2 creatures vanquished.

Grand Total: 47 creatures vanquished

Table legend:
 A = Non-vault XP
 B = Vault XP
 C = Vault XP percentage of total XP
 D = Non-vault monster count
 E = Vault monster count
 F = Vault count percentage of total count
                 A         B        C        D         E       F
            +---------+---------+-------+---------+---------+-------
      Total |      86 |      52 |  37.7 |      34 |      11 |  24.4
            +---------+---------+-------+---------+---------+-------
        D:1 |      35 |       0 |   0.0 |      21 |       0 |   0.0
        D:2 |      47 |      49 |  51.0 |      11 |       8 |  42.1
        D:3 |       4 |       3 |  42.9 |       2 |       3 |  60.0
            +---------+---------+-------+---------+---------+-------

Illustrated notes

Table legend:
 A = Kills in this place as a percentage of kills in entire the game.
 B = Kills by you in this place as a percentage of kills by you in the entire game.
 C = Kills by friends in this place as a percentage of kills by friends in the entire game.
 D = Other kills in this place as a percentage of other kills in the entire game.
 E = Experience gained in this place as a percentage of experience gained in the entire game.
 F = Experience gained in this place divided by the number of levels of this place that you have seen.
                   A       B       C       D       E      F
               +-------+-------+-------+-------+-------+----------------------
         Total | 100.0 | 100.0 |   N/A |   N/A | 100.0 |  34.5
       Dungeon | 100.0 | 100.0 |   N/A |   N/A | 100.0 |  46.0
               +-------+-------+-------+-------+-------+----------------------

Table legend: (Time is in decaauts)
 A = Elapsed time spent in this place.
 B = Non-inter-level travel time spent in this place.
 C = Inter-level travel time spent in this place.
 D = Time resting spent in this place.
 E = Time spent auto-exploring this place.
 F = Levels seen in this place.
 G = Mean time per level.
                   A        B        C        D        E       F      G
               +--------+--------+--------+--------+--------+-----+--------+
         Total |   1166 |   1141 |     25 |      0 |    819 |   4 |  291.5 |
       Dungeon |   1108 |   1083 |     25 |      0 |    783 |   3 |  369.3 |
         Abyss |     58 |     58 |      0 |      0 |     36 |   1 |   58.0 |
               +--------+--------+--------+--------+--------+-----+--------+

Top non-repeatable levels by time:
     D:2: 525 daAuts
     D:1: 521 daAuts
     D:3: 61 daAuts
 Abyss:1: 58 daAuts
